 Dungeon Crawl Stone Soup version 0.29.0-11-gd7f09526c8 (webtiles) character file.

Game seed: 6906604722558447761

35 greasedhog the Cutter (level 3, -1/22 HPs)
             Began as a Vampire Abyssal Knight on Sept 2, 2022.
             Was a Believer of Lugonu.
             Slain by Crazy Yiuf
             ... wielding a +2 quarterstaff of chaos
              (3 damage)
             ... on level 2 of the Dungeon.
             The game lasted 00:01:35 (1682 turns).

greasedhog the Cutter (Vampire Abyssal Knight)      Turns: 1682, Time: 00:01:36

Health: -1/22      AC:  3    Str: 12    XL:     3   Next: 16%
Magic:  2/4        EV: 12    Int: 12    God:    Lugonu [**....]
Gold:   65         SH:  0    Dex: 16    Spells: 2/2 levels left

rFire   . . .      SeeInvis +   a - +1 short sword
rCold   + + .      Faith    .   (no shield)
rNeg    + + +      Spirit   .   b - +0 leather armour
rPois   ∞          Reflect  .   (no helmet)
rElec   .          Harm     .   (no cloak)
rCorr   .          Rampage  .   (no gloves)
Will    .....                   (no boots)
Stlth   ++++......              (no amulet)
HPRegen 0.00/turn               (no ring)
MPRegen 0.09/turn               (no ring)

@: bloodless, inhibited regen
A: bloodless, fangs 3, see invisible, vampiric 2
a: Bat Form, Revivify, Renounce Religion, Depart the Abyss, Bend Space


You were on level 2 of the Dungeon.
You worshipped Lugonu.
Lugonu was pleased with you.
You visited 1 branch of the dungeon, and saw 2 of its levels.
You visited the Abyss 1 time.

You collected 120 gold pieces.
You spent 55 gold pieces at shops.

Inventory:

Hand Weapons
 a - a +1 short sword (weapon)
Armour
 b - a +0 leather armour (worn)
Jewellery
 q - a +6 ring of dexterity
Scrolls
 c - a scroll of amnesia
 d - 3 scrolls of teleportation
 e - a scroll of identify
 g - a scroll of blinking
 i - 2 scrolls of acquirement {unknown}
 j - a scroll of enchant armour {unknown}
 l - a scroll of enchant weapon {unknown}
 n - a scroll of vulnerability {unknown}
 o - a scroll of poison {unknown}
Potions
 h - a potion of flight {unknown}
 k - a potion of cancellation {unknown}
 p - a potion of haste {unknown}


   Skills:
 - Level 2.6 Fighting
 * Level 3.2 Short Blades
 - Level 0.7 Armour
 - Level 2.1 Dodging
 * Level 3.2 Stealth
 - Level 1.5 Invocations


You had 2 spell levels left.
You didn't know any spells.
Your spell library contained the following spells:

 Spells                   Type           Power      Damage    Failure   Level
 Summon Small Mammal      Summ           0%         N/A       38%         1
 Call Canine Familiar     Summ           0%         N/A       77%         3
 Summon Guardian Golem    Hex/Summ       0%         N/A       77%         3


Dungeon Overview and Level Annotations

Branches:
Dungeon (2/15)

Altars:

Shops:
D:1 *

Annotations:
D:2 Crazy Yiuf


Innate Abilities, Weirdness & Mutations

You do not regenerate when monsters are visible.
You are frail without blood (-20% HP).
You can heal yourself when you bite living creatures.
You are immune to poison.
You have razor-sharp teeth.
You have supernaturally acute eyesight. (SInv)
You are afflicted with vampirism and can become a bat while bloodless.


Message History

Crazy Yiuf yells, "Millenium snail Orb Guardian!"
Crazy Yiuf misses you.
You hit Crazy Yiuf.
Crazy Yiuf is severely wounded.
Crazy Yiuf hits you with a +2 quarterstaff of chaos!
Crazy Yiuf freezes you.
You hit Crazy Yiuf but do no damage.
Crazy Yiuf is severely wounded.
Crazy Yiuf closely misses you.
You feel better.
Crazy Yiuf says, "Announcement!
Snurf cower tired."
Crazy Yiuf hits you with a +2 quarterstaff of chaos!
Ouch! That really hurt!
* * * LOW HITPOINT WARNING * * *
Crazy Yiuf freezes you.
* * * LOW HITPOINT WARNING * * *
It was a potion of heal wounds.
You feel much better. Crazy Yiuf misses you.
You barely miss Crazy Yiuf.
Crazy Yiuf is severely wounded.
Crazy Yiuf laughs, "East seventy unthinkable!"
Crazy Yiuf barely misses you.
You hit Crazy Yiuf.
Crazy Yiuf is severely wounded.
Crazy Yiuf yells, "Lugonu!
Hah dark mobile."
Crazy Yiuf hits you with a +2 quarterstaff of chaos!
You hit Crazy Yiuf but do no damage.
Crazy Yiuf is severely wounded.
Crazy Yiuf hits you with a +2 quarterstaff of chaos.
Crazy Yiuf burns you.
You hit Crazy Yiuf but do no damage. You bite Crazy Yiuf.
You draw Crazy Yiuf's blood!
You feel better.
Crazy Yiuf is almost dead.
Crazy Yiuf hits you with a +2 quarterstaff of chaos.
You feel your power leaking away.
You hit Crazy Yiuf but do no damage.
Crazy Yiuf is almost dead.
Crazy Yiuf hits you with a +2 quarterstaff of chaos!
* * * LOW HITPOINT WARNING * * *
You convulse.
You die...

#########.# #...## ..........#
##.## #########.# #.## #.# ##.#
#.# #.## #.# ##.# #[# ##'##
####### #.# #...# ......# #.#
#.@.# #####.###.## #.g)# #
####...#...# ##### ##
.....#.....# ###########.
####)..#..^###########...........
##.##......................##.
#......>...##.############.###
##.##...##.......# #####.###
########.######.##.# #........


You could see Crazy Yiuf.

Vanquished Creatures
  An adder (D:2)
  A worm (D:2)
  A dart slug (D:1)
  2 ball pythons
  2 endoplasms
  3 goblins
  2 hobgoblins
  4 bats
  A frilled lizard (D:2)
  2 kobolds (D:2)
  A rat (D:2)
20 creatures vanquished.

Notes
Turn   | Place    | Note
-------+----------+-------------------------------------------
     0 | Abyss:1  | greasedhog the Vampire Abyssal Knight began the quest for
                  | the Orb.
     0 | Abyss:1  | Reached XP level 1. HP: 17/17 MP: 2/2
     1 | D:1      | Escaped the Abyss
   239 | D:1      | Reached skill level 1 in Stealth
   307 | D:1      | Reached XP level 2. HP: 23/23 MP: 3/3
   522 | D:1      | Found Uleenuel's General Store.
   530 | D:1      | Bought a scroll of identify for 22 gold pieces
   530 | D:1      | Bought a scroll of teleportation for 33 gold pieces
   871 | D:2      | Found a runed translucent door.
   872 | D:2      | Noticed Crazy Yiuf
  1158 | D:2      | Gained mutation: You are afflicted with vampirism and can
                  | become a bat while bloodless. [Vampire growth]
  1158 | D:2      | Reached XP level 3. HP: 13/28 MP: 4/4
  1682 | D:2      | Slain by Crazy Yiuf

Illustrated notes

Levels and vault maps discovered:
D:1:      tarquinn_simple_flora_water_d, layout_basic, serial_shops, shop
D:2:      layout_loops_ring, chequers_serial_rivers_micro_b,
          uniq_crazy_yiuf_cottage

Skill      XL: |  1  2 |
---------------+-------+-----
Stealth        | 1 3 |  3.2
Short Blades   | 3 |  3.2
Fighting       | |  2.6
Armour         | |  0.7
Dodging        | |  2.1
Invocations    | |  1.5

Action                   || total
-------------------------++-------
Melee: Short sword       ||    67
       Bite              ||     3
Invok: Bend Space        ||     2
 Abil: Exsanguinate      ||     1
  Use: Scroll            ||     3
       Potion            ||     3
 Stab: Sleeping          ||     5
Armor: Leather armour    ||     7
Dodge: Dodged            ||    38
